 Dungeon Crawl Stone Soup version 0.22-a0-601-gb0ed703 (webtiles) character file.

5929 Goblin1989 the Gouger (level 10, -4/46 (49) HPs)
             Began as a Felid Chaos Knight on July 6, 2018.
             Slain by a spiny frog (8 damage)
             ... on level 2 of the Lair of Beasts.
             The game lasted 01:09:47 (19602 turns).

Goblin1989 the Gouger (Felid Chaos Knight)         Turns: 19602, Time: 01:09:48

HP:   -4/46 (49)    AC:  7    Str: 12    XL:     10   Next: 54%
MP:   0/24          EV: 25    Int: 14    God:    Xom [......]
Gold: 364           SH:  0    Dex: 15    Spells: 2/15 levels left
                                        Lives: 0   Deaths: 2

rFire    . . .     SeeInvis +     - Unarmed
rCold    + + +     Gourm    .   (shield unavailable)
rNeg     . . .     Faith    .   (armour unavailable)
rPois    .         Spirit   +   (helmet unavailable)
rElec    +         Reflect  .   (cloak unavailable)
rCorr    .         Harm     .   (gloves unavailable)
MR       +....                  (boots unavailable)
Stlth    ++........             y - amulet of guardian spirit
HPRegen  0.15/turn              X - +6 ring of strength
MPRegen  0.19/turn              W - ring of Qucrat {*Drain rElec rC+++ MP+9 Str+2 Dex-3, =R}

@: glowing, drained, quick
A: very small, no armour, no weapons or thrown items, stealth, antennae 1, claws
1, fangs 3, iridescent scales 1, yellow scales 1, see invisible, blink,
carnivore, clumsy 1, speed 1, shaggy fur 3, slow metabolism 1, weak 2, sharp
paws
a: Blink, Renounce Religion


You were on level 2 of the Lair of Beasts.
You worshipped Xom.
You were a very special plaything of Xom.
You were not hungry.

You visited 2 branches of the dungeon, and saw 14 of its levels.

You collected 774 gold pieces.
You spent 410 gold pieces at shops.

Inventory:

Jewellery
 f - an uncursed ring of protection from fire
 y - an amulet of guardian spirit (around neck)
 Q - an uncursed ring of positive energy
 W - the ring of Qucrat (right paw) {*Drain rElec rC+++ MP+9 Str+2 Dex-3, =R}
   (You acquired it on level 11 of the Dungeon)

   [ring of magical power]

   It affects your strength (+2).
   It affects your dexterity (-3).
   It renders you almost immune to cold.
   It insulates you from electricity.
   It affects your magic capacity (+9).
   It causes draining when unequipped.
 X - a +6 ring of strength (left paw)
Wands
 E - a wand of flame (52) {@v6}
 L - a wand of polymorph (24)
 N - a wand of acid (9) {@v2}
Scrolls
 g - 4 scrolls of teleportation {!r, @r2}
 k - 4 scrolls of amnesia
 l - 2 scrolls of fog {unknown}
 r - 8 scrolls of remove curse {@r3}
 B - a scroll of immolation
 C - a scroll of fear
 I - a scroll of silence
 M - 6 scrolls of magic mapping
 R - 2 scrolls of identify {@r1}
Potions
 m - 2 potions of lignification
 n - 2 potions of berserk rage
 q - a potion of ambrosia
 x - 2 potions of agility
 K - a potion of might {@q4}
 S - a potion of magic {unknown}
 U - a potion of haste {@q3,}
 Y - a potion of heal wounds {@q2}
 Z - 2 potions of flight
Miscellaneous
 V - a fan of gales
Comestibles
 e - 27 rations
 T - 5 chunks of flesh


   Skills:
 + Level 9.4(8.1) Fighting
 + Level 11.7(10.3) Dodging
 + Level 12.2(10.8) Stealth
 * Level 12.6(11.2) Unarmed Combat
 - Level 3.0(1.9) Spellcasting
 * Level 5.6(4.4) Hexes
 - Level 3.0(1.9) Necromancy


You had 2 spell levels left.
You knew the following spells:

 Your Spells              Type           Power        Failure   Level  Hunger
a - Summon Forest         Summ/Tloc      #.........   100%        5    ######.
b - Animate Skeleton      Necr           N/A          11%         1    ##.....
c - Confusing Touch       Hex            ##....       3%          1    ##.....
t - Tukima's Dance        Hex            ##......     12%         3    ####...
x - Confuse               Hex            ##......     12%         3    ####...

Your spell library contained the following spells:

 Spells                   Type           Power        Failure   Level  Hunger
 Apportation              Tloc           #.....       24%         1    ##.....
 Mephitic Cloud           Conj/Pois/Air  #.......     58%         3    ####...
 Venom Bolt               Conj/Pois      #.........   100%        5    ######.
 Olgreb's Toxic Radiance  Pois           #.......     94%         4    #####..
 Summon Small Mammal      Summ           #...         24%         1    ##.....
 Sting                    Conj/Pois      #...         24%         1    ##.....
 Summon Demon             Summ           #.........   100%        5    ######.
 Recall                   Summ/Tloc      N/A          58%         3    ####...
 Shadow Creatures         Summ           N/A          100%        6    #######
 Ensorcelled Hibernation  Hex/Ice        #.....       14%         2    ###....
 Corona                   Hex            ##.....      3%          1    ##.....
 Aura of Abjuration       Summ           #.........   100%        5    ######.
 Dazzling Spray           Conj/Hex       #.....       28%         3    ####...
 Summon Mana Viper        Hex/Summ       #.......     95%         5    ######.
 Poisonous Vapours        Pois/Air       #.....       36%         2    ###....


Dungeon Overview and Level Annotations

Branches:
Dungeon (11/15)            Temple (0/1) D:6            Lair (3/6) D:11
 Shoals (0/4) Lair:2       Spider (0/4) Lair:2          Orc (0/2) D:11

Altars:
Gozag
Sif Muna
Xom

Shops:
D:6 ?   D:7 (   D:11 =

Annotations:
D:11 4 runed doors


Innate Abilities, Weirdness & Mutations

You cannot wear armour.
You are incapable of wielding weapons or throwing items.
Your paws allow you to move quietly. (Stealth)
You have sharp claws.
You have razor-sharp teeth.
You have supernaturally acute eyesight. (SInv)
You are carnivorous and can eat meat at any time.
You cover ground quickly.
Your thick and shaggy fur keeps you warm. (AC +3, rC+)
You have a slow metabolism.
Your sharp claws are effective at attacking unaware monsters.
You have a pair of small antennae on your head.
You are partially covered in iridescent scales. (AC +2)
You are partially covered in yellow scales. (AC +2)
You can translocate small distances at will.
You are clumsy. (Dex -2)
You are very weak. (Str -4)


Message History

You take 2 damage, and have 44/46 hp.
An iguana comes into view.
You are engulfed in calcifying dust.
You are slowing down.
You feel yourself speed up.
You feel less confused.
The yak is engulfed in calcifying dust.
An eight-headed hydra comes into view.
Unknown command.
Unknown command.
You are engulfed in calcifying dust.
Your limbs have turned to stone.
An iguana comes into view.
The catoblepas snuffles in challenge.
The catoblepas gores you.
The yak is engulfed in calcifying dust.
You have turned to stone.
You are engulfed in calcifying dust.
The catoblepas gores you!
The yak is engulfed in calcifying dust.
The iguana hisses angrily.
You are engulfed in calcifying dust.
The eight-headed hydra roars!
You hear an angry hiss.
The yak gores you! The catoblepas completely misses you.
You are engulfed in calcifying dust.
The yak gores you.
* * * LOW HITPOINT WARNING * * *
The catoblepas breathes a plume of calcifying dust at you.
The blast of calcifying dust hits you!
* * * LOW HITPOINT WARNING * * *
You are engulfed in calcifying dust. "Tag, you're it!"
The stone staircase leading up moves from beneath you!
The stone staircase leading up slides away from you!
The yak gores you!
* * * LOW HITPOINT WARNING * * *
The catoblepas gores you!!
* * * LOW HITPOINT WARNING * * *
The spiny frog gives a loud, deep croak!
The iguana hisses angrily.
The yak is no longer petrified.
The yak gores you!
* * * LOW HITPOINT WARNING * * *
The catoblepas gores you.
* * * LOW HITPOINT WARNING * * *
The iguana bites you.
* * * LOW HITPOINT WARNING * * *
The yak gores you!
* * * LOW HITPOINT WARNING * * *
The catoblepas barely misses you. The iguana bites you!
* * * LOW HITPOINT WARNING * * *
The spiny frog stings you but does no damage.
The yak gores you but does no damage. The yak gores you!
* * * LOW HITPOINT WARNING * * *
The catoblepas gores you!
* * * LOW HITPOINT WARNING * * *
The eight-headed hydra bites the plant but does no damage.
The eight-headed hydra bites the plant.
The eight-headed hydra bites the plant! x2
The eight-headed hydra bites the plant.
The eight-headed hydra bites the plant!
The eight-headed hydra bites the plant.
The eight-headed hydra bites the plant!
The plant is destroyed!
You turn to flesh and can move again.
Unknown command.
You take 43 damage, and have 1/46 hp.
MASSIVE DAMAGE!!
You now have 0/24 mp.
Unknown command.
Unknown command.
Unknown command.
Unknown command.
Unknown command.
Unknown command.
Unknown command.
Unknown command.
The spiny frog completely misses you.
Unknown command.
The catoblepas snuffles in challenge.
The spiny frog's inner flame fades away.
The catoblepas's inner flame fades away.
There is a stone staircase leading up here.
The spiny frog misses you.
You climb upwards.
The stone staircase leading down slides away from you right after you climb it!
Unknown command. "You have grown too confident for your meagre worth."
You feel drained.
You scratch the spiny frog but do no damage.
The spiny frog completely misses you.
You scratch the spiny frog but do no damage.
Your claw misses the spiny frog. The spiny frog closely misses you.
You barely miss the spiny frog. The spiny frog completely misses you.
You scratch the spiny frog.
The spiny frog is lightly wounded.
The spiny frog misses you.
You closely miss the spiny frog.
The spiny frog is lightly wounded.
You hear Xom's avuncular chuckle.
The spiny frog seems to slow down.
You closely miss the spiny frog. Your bite misses the spiny frog.
The spiny frog is lightly wounded.
The spiny frog closely misses you.
You closely miss the spiny frog.
The spiny frog is lightly wounded.
Xom giggles.
You are outlined in light.
The spiny frog stings you!
You die...
Xom bursts into laughter!

.█...⌂....██ ██......
█.█........█ █.█.....
█.........██ ██.██....
██........█ █.█████.. █......████
██..█ █.█. █..⌂..P██████
█.█.█████. ...⌂......█.███████
████......███
..P...P..........P███.........███
..████████.█PP..@F...██.........█
....███ ██████.███..............
......██ ███ ███>P..........
.......█ ███....<..... ......██
█.......... ......██ ██.........
.....█.█ ██........ ......██
█......... ......█ █.........


You could see a spiny frog.

Vanquished Creatures
  Gastronok (Lair:1)
  A hydra (Lair:2)
  4 two-headed ogres
  Pikel (D:5)
  3 cyclopes
  A black mamba (Lair:2)
  5 spiny frogs
  A gargoyle (D:6)
  2 rime drakes
  A komodo dragon (Lair:1)
  2 jumping spiders (Lair:2)
  A polar bear (Lair:2)
  A troll (D:9)
  3 blink frogs (Lair:1)
  A hornet (D:9)
  2 hippogriffs
  2 redbacks (Lair:2)
  A wyvern (D:9)
  3 yaks
  A basilisk (Lair:1)
  4 porcupines
  4 water moccasins
  2 orc warriors
  3 sky beasts
  4 ice beasts
  A black bear (Lair:1)
  An eye of draining (D:11)
  A phantom (D:9)
  A necrophage (D:10)
  2 ogres
  2 centaurs (D:9)
  4 crocodiles
  8 bullfrogs
  6 scorpions
  2 wights (D:10)
  17 killer bees
  2 electric eels (D:6)
  2 crimson imps (D:6)
  2 jellies
  An orc priest (D:9)
  A centaur zombie (D:7)
  4 hounds
  A quasit (D:11)
  3 bullfrog skeletons
  A gnoll shaman (D:4)
  5 orc wizards
  A centaur skeleton (D:9)
  2 iguanas
  5 worker ants
  2 hound zombies
  A hound skeleton (D:10)
  2 worker ant zombies
  4 gnolls (D:5)
  5 adders
  2 shadow imps
  An adder zombie (D:5)
  3 worms (D:2)
  4 dart slugs
  4 leopard geckos
  24 orcs
  2 ball pythons
  4 bats
  5 giant cockroaches
  9 goblins
  7 hobgoblins
  5 quokkas
  4 frilled lizards
  A jackal skeleton (D:5)
  9 kobolds
  7 rats
234 creatures vanquished.

Vanquished Creatures (collateral kills)
  Harold (Lair:2)
  A cyclops (D:11)
  2 jumping spiders (Lair:2)
  2 blink frogs (Lair:1)
  A hippogriff (Lair:2)
  A redback (Lair:2)
  8 yaks
  A water moccasin (Lair:1)
  An orc warrior (D:9)
  2 orc priests (D:11)
  An orc wizard (D:9)
  A worker ant (D:11)
  An orc (D:11)
  A quokka (D:11)
  A fungus (Lair:2)
25 creatures vanquished.

Vanquished Creatures (others)
  A centaur (D:11)
  4 killer bees (D:11)
  4 plants
9 creatures vanquished.

Grand Total: 268 creatures vanquished

Notes
Turn   | Place    | Note
-------+----------+-------------------------------------------
     0 | D:1      | Goblin1989 the Felid Chaos Knight began the quest for the Orb.
     0 | D:1      | Reached XP level 1. HP: 10/10 MP: 2/2
   233 | D:1      | Reached XP level 2. HP: 14/14 MP: 3/3
   241 | D:1      | Reached skill level 1 in Stealth
   900 | D:1      | XOM: harmless Necr miscast
   953 | D:1      | Reached XP level 3. HP: 17/17 MP: 4/4
  1096 | D:1      | XOM: harmless Erth miscast
  1263 | D:2      | XOM: harmless Necr miscast
  1508 | D:2      | XOM: harmless Necr miscast
  1529 | D:2      | XOM: divination: magic mapping
  1954 | D:2      | XOM: smoke on damage
  2292 | D:2      | XOM: harmless Necr miscast
  2393 | D:2      | XOM: give mutations
  2393 | D:2      | Gained mutation: You occasionally shout uncontrollably at your foes. [Xom's mischief]
  2393 | D:2      | Gained mutation: You are clumsy. (Dex -2) [Xom's mischief]
  2393 | D:2      | Gained mutation: You are weak. (Str -2) [Xom's mischief]
  2457 | D:2      | XOM: give mutations
  2457 | D:2      | Gained mutation: You are partially covered in yellow scales. (AC +2) [Xom's grace]
  2457 | D:2      | Gained mutation: You can translocate small distances at will. [Xom's grace]
  2576 | D:2      | XOM: polymorph worker ant -> worm
  2582 | D:2      | Reached XP level 4. HP: 19/21 MP: 5/5
  3073 | D:3      | XOM is BORED!
  3073 | D:3      | XOM: noise
  4005 | D:3      | XOM: cloud trail
  4146 | D:4      | XOM: potion effect (berserk rage)
  4152 | D:4      | Reached XP level 5. HP: 24/24 MP: 6/6
  4180 | D:4      | XOM: god gift: 44 gold pieces {god gift}
  4554 | D:4      | Noticed a phantom
  4599 | D:5      | Entered Level 5 of the Dungeon
  4679 | D:5      | Noticed a sky beast
  4686 | D:5      | XOM: harmless Ice miscast
  4703 | D:5      | Killed a sky beast
  4703 | D:5      | Reached skill level 5 in Unarmed Combat
  4703 | D:5      | Gained mutation: You are covered in thick fur. (AC +2) [Felid growth]
  4703 | D:5      | Reached XP level 6. HP: 8/28 MP: 3/7
  4944 | D:5      | XOM: mild Tmut miscast
  4966 | D:5      | Noticed an ice beast
  4976 | D:5      | XOM: give mutations
  4976 | D:5      | Gained mutation: You are frail. (-10% HP) [Xom's mischief]
  4976 | D:5      | Gained mutation: Your body sometimes deteriorates upon taking damage. [Xom's mischief]
  4976 | D:5      | Lost mutation: Your body sometimes deteriorates upon taking damage. [Xom's mischief]
  4977 | D:5      | Killed an ice beast
  4977 | D:5      | Reached skill level 5 in Dodging
  5020 | D:5      | XOM: medium Pois miscast
  5219 | D:5      | XOM is BORED!
  5219 | D:5      | XOM: 8-stop teleportation journey
  5439 | D:4      | XOM: mild Necr miscast
  5993 | D:5      | XOM: fog
  5998 | D:5      | Reached XP level 7. HP: 29/29 MP: 8/8
  6140 | D:5      | Noticed Pikel
  6146 | D:5      | XOM: summons friendly crimson imp
  6294 | D:5      | XOM: noise
  6311 | D:5      | XOM: noise
  6341 | D:5      | XOM: enchant monster (good)
  6342 | D:5      | XOM: stat loss: -1 Dex (14/15)
  6353 | D:5      | XOM: confusion
  6358 | D:5      | XOM: chaos cloud
  6360 | D:5      | XOM: summons 3 friendly demons
  6362 | D:5      | Killed Pikel
  6362 | D:5      | Reached skill level 5 in Fighting
  6362 | D:5      | Reached skill level 5 in Stealth
  6367 | D:5      | Paralysed by you for 2 turns
  6373 | D:5      | Paralysed by you for 7 turns
  6408 | D:5      | XOM: give mutations
  6408 | D:5      | Lost mutation: You are clumsy. (Dex -2) [Xom's mischief]
  6408 | D:5      | Gained mutation: You are very weak. (Str -4) [Xom's mischief]
  6408 | D:5      | Lost mutation: You are very weak. (Str -4) [Xom's mischief]
  6408 | D:5      | Gained mutation: You expend magic power (3 MP) to strengthen your wands. [Xom's mischief]
  6644 | D:6      | Reached XP level 8. HP: 33/33 MP: 9/9
  6649 | D:6      | Found Juocolao's Magic Scroll Boutique.
  6655 | D:6      | Bought a scroll of teleportation for 39 gold pieces
  6655 | D:6      | Bought a scroll of fear for 45 gold pieces
  6655 | D:6      | Bought a scroll of identify for 26 gold pieces
  7140 | D:7      | Found a shimmering altar of Xom.
  7325 | D:6      | XOM: give mutations
  7325 | D:6      | Gained mutation: You are clumsy. (Dex -2) [Xom's mischief]
  7325 | D:6      | Gained mutation: You are very frail. (-20% HP) [Xom's mischief]
  7587 | D:6      | XOM: give mutations
  7587 | D:6      | Gained mutation: Your body sometimes deteriorates upon taking damage. [Xom's mischief]
  7587 | D:6      | Lost mutation: You are very frail. (-20% HP) [Xom's mischief]
  7587 | D:6      | Gained mutation: You are very weak. (Str -4) [Xom's mischief]
  7837 | D:6      | Found a staircase to the Ecumenical Temple.
  7837 | D:6      | Found a faded altar of an unknown god.
  7872 | D:7      | XOM: harmless Erth miscast
  8145 | D:6      | XOM: polymorph ogre -> ice beast
  8338 | D:6      | Noticed a gargoyle
  8339 | D:6      | Noticed a cyclops
  8346 | D:6      | Killed a cyclops
  8346 | D:6      | Reached XP level 9. HP: 36/36 MP: 10/10
  8349 | D:6      | XOM: stat loss: -1 Str (8/9)
  8350 | D:6      | Killed a gargoyle
  8543 | D:7      | Found Hianaddi's Antique Weapon Shop.
  8713 | D:7      | Found a deep blue altar of Sif Muna.
  9010 | D:7      | XOM: give mutation
  9010 | D:7      | Lost mutation: You occasionally shout uncontrollably at your foes. [Xom's mischief]
  9017 | D:7      | XOM: torment (8/37 hp)
  9263 | D:7      | XOM: potion effect (magic)
  9267 | D:7      | XOM: cloud trail
  9285 | D:7      | XOM: god gift: Young Poisoner's Handbook {god gift}
  9536 | D:8      | XOM: fog
  9821 | D:8      | XOM: enchant monster (good)
 10036 | D:8      | XOM: god gift: potion of curing {god gift}
 10049 | D:8      | XOM: 4-stop teleportation journey
 10247 | D:9      | You fall through a shaft!
 10247 | D:10     | Entered Level 10 of the Dungeon
 10370 | D:9      | Noticed a two-headed ogre
 10390 | D:9      | Killed a two-headed ogre
 10396 | D:9      | Reached XP level 10. HP: 36/42 MP: 9/11
 10609 | D:9      | Learned a level 1 spell: Animate Skeleton
 10743 | D:9      | XOM: summons 5 friendly demons
 11084 | D:9      | XOM: 3-stop teleportation journey
 11393 | D:10     | Reached skill level 10 in Unarmed Combat
 11548 | D:10     | Reached skill level 1 in Necromancy
 11646 | D:10     | XOM: give mutations
 11646 | D:10     | Gained mutation: You are partially covered in iridescent scales. (AC +2) [Xom's grace]
 11646 | D:10     | Gained mutation: You have a pair of small antennae on your head. [Xom's grace]
 11799 | D:9      | XOM is BORED!
 11799 | D:9      | XOM: blink monster(s)
 11804 | D:9      | Reached skill level 1 in Spellcasting
 12083 | D:10     | Noticed a cyclops
 12087 | D:10     | XOM: enchant monster (good)
 12088 | D:10     | Killed a cyclops
 12100 | D:10     | XOM: divination: detect items
 12145 | D:11     | Found a huge runed gate.
 12145 | D:11     | Found a huge runed gate.
 12145 | D:11     | Found a huge runed gate.
 12145 | D:11     | Found a huge runed gate.
 12182 | D:11     | XOM: divine lightning
 12257 | D:11     | Identified a scroll of acquirement
 12259 | D:11     | Got a clouded amber ring
 12260 | D:11     | Identified the ring of Qucrat {*Drain rElec rC+++ MP+9 Str+2 Dex-3} (You acquired it on level 11 of the Dungeon)
 12517 | D:11     | Noticed a cyclops
 12518 | D:11     | Found a staircase to the Lair.
 12526 | D:11     | Killed a cyclops
 12684 | D:11     | XOM: harmless Fire miscast
 12784 | D:11     | Noticed a cyclops
 12787 | D:11     | Killed a cyclops
 12787 | D:11     | Reached skill level 10 in Stealth
 12948 | D:11     | Found Kiuseuf's Jewellery Shoppe.
 12951 | D:11     | Bought an uncursed ring of protection from fire for 300 gold pieces
 13002 | D:11     | XOM: harmless Chrm miscast
 13030 | D:11     | XOM: harmless Pois miscast
 13124 | D:11     | Found a staircase to the Orcish Mines.
 13136 | D:11     | XOM: noise
 13293 | D:11     | Found an opulent altar of Gozag.
 13341 | D:11     | Reached skill level 10 in Dodging
 13549 | D:11     | Noticed a two-headed ogre
 13551 | D:11     | XOM: cast spell 'Summon Butterflies'
 13563 | D:11     | Killed a two-headed ogre
 13563 | D:11     | Reached XP level 11. HP: 17/45 MP: 7/16
 13611 | D:11     | XOM: mild Air miscast
 13861 | D:10     | XOM: god gift: 11 arrows {god gift}
 13891 | D:10     | Noticed a two-headed ogre
 13896 | D:10     | XOM: cast spell 'Chain of Chaos'
 13901 | D:10     | Killed a two-headed ogre
 13902 | D:10     | XOM: scenery: 1 doors close
 13958 | D:10     | Learned a level 5 spell: Summon Forest
 14435 | D:9      | Noticed a two-headed ogre
 14441 | D:9      | XOM: potion effect (magic)
 14445 | D:9      | XOM: potion effect (brilliance)
 14455 | D:9      | XOM: potion effect (agility)
 14473 | D:9      | XOM: summons friendly crimson imp
 14489 | D:9      | Killed a two-headed ogre
 14629 | D:9      | XOM: enchant monster (good)
 14830 | D:9      | XOM: god gift: 13 arrows {god gift}
 15067 | Lair:1   | Entered Level 1 of the Lair of Beasts
 15209 | Lair:1   | XOM: medium Fire miscast
 15324 | Lair:1   | XOM: harmless Chrm miscast
 15345 | Lair:1   | XOM: cloud trail
 15386 | Lair:1   | XOM is BORED!
 15386 | Lair:1   | XOM: mild Tloc miscast
 15387 | Lair:1   | XOM: 3-stop teleportation journey
 15613 | Lair:1   | XOM: medium Conj miscast
 15997 | Lair:1   | XOM: harmless Tloc miscast
 16166 | Lair:1   | XOM: summons 2 hostile demons
 16365 | Lair:1   | Noticed Gastronok
 16372 | Lair:1   | XOM: 5-stop teleportation journey
 16431 | Lair:1   | Killed Gastronok
 16439 | Lair:1   | XOM: give mutations
 16439 | Lair:1   | Lost mutation: Your body sometimes deteriorates upon taking damage. [Xom's mischief]
 16439 | Lair:1   | Lost mutation: You are frail. (-10% HP) [Xom's mischief]
 16439 | Lair:1   | Gained mutation: Your magical capacity is low. (-10% MP) [Xom's mischief]
 16972 | Lair:1   | Learned a level 1 spell: Confusing Touch
 17098 | Lair:2   | Noticed Harold
 17108 | Lair:2   | XOM: 1-stop teleportation journey
 17126 | Lair:2   | Reached skill level 1 in Hexes
 17394 | Lair:2   | Learned a level 3 spell: Tukima's Dance
 17481 | Lair:2   | Found a staircase to the Shoals.
 17681 | Lair:2   | XOM: confusion
 17698 | Lair:2   | Gained mutation: Your thick and shaggy fur keeps you warm. (AC +3, rC+) [Felid growth]
 17698 | Lair:2   | Reached XP level 12. HP: 11/57 MP: 7/15
 17735 | Lair:2   | XOM: blink monster(s)
 17743 | Lair:2   | XOM: cleaving
 17745 | Lair:2   | Slain by a yak
 17746 | Lair:2   | Reached XP level 11. HP: -1/53 MP: 0/23
 17861 | Lair:2   | XOM: destruction
 17862 | Lair:2   | XOM: enchant monster (good)
 17869 | Lair:2   | XOM: cast spell 'Summon Mana Viper'
 18064 | Lair:2   | Noticed a four-headed hydra
 18081 | Lair:2   | XOM: cast spell 'Discord'
 18158 | Lair:2   | Learned a level 3 spell: Confuse
 18180 | Lair:2   | XOM: scenery: create altars
 18339 | Lair:2   | Killed a four-headed hydra
 18406 | Lair:2   | XOM: noise
 18434 | Lair:2   | Killed Harold
 18622 | Lair:2   | Reached skill level 5 in Hexes
 18716 | Lair:2   | XOM: 9-stop teleportation journey
 18785 | Lair:2   | XOM: 1-stop teleportation journey
 18891 | Lair:2   | Found a hole to the Spider Nest.
 19051 | Lair:2   | XOM: cleaving
 19055 | Lair:2   | XOM: fake destruction
 19057 | Lair:2   | XOM: harmless Chrm miscast
 19399 | Lair:3   | XOM: give mutations
 19399 | Lair:3   | Lost mutation: You expend magic power (3 MP) to strengthen your wands. [Xom's mischief]
 19399 | Lair:3   | Lost mutation: Your magical capacity is low. (-10% MP) [Xom's mischief]
 19428 | Lair:3   | XOM: mild Ice miscast
 19479 | Lair:3   | XOM: 2-stop teleportation journey
 19490 | Lair:3   | XOM: mild Pois miscast
 19513 | Lair:3   | XOM: polymorph black mamba -> guardian serpent
 19515 | Lair:3   | XOM: summons 3 hostile shadow creatures
 19542 | Lair:3   | Noticed a catoblepas
 19545 | Lair:3   | XOM: blink monster(s)
 19555 | Lair:3   | HP: 1/53 [catoblepas (9)]
 19556 | Lair:3   | Demolished by a komodo dragon
 19557 | Lair:3   | Reached XP level 10. HP: -18/49 MP: 0/24
 19557 | Lair:3   | Noticed an elephant
 19557 | Lair:3   | Noticed an elephant
 19557 | Lair:3   | Noticed an elephant
 19557 | Lair:3   | Noticed an elephant
 19557 | Lair:3   | Noticed an elephant
 19557 | Lair:3   | XOM: polymorph wyvern -> human
 19560 | Lair:3   | XOM: medium Hex miscast
 19563 | Lair:3   | XOM: severe Necr miscast
 19567 | Lair:3   | XOM: confusion (+ monsters)
 19572 | Lair:3   | Noticed an eight-headed hydra
 19577 | Lair:3   | XOM: repel stairs
 19580 | Lair:3   | HP: 1/46 [catoblepas (2)]
 19591 | Lair:2   | XOM: draining
 19600 | Lair:2   | XOM: enchant monster (good)
 19602 | Lair:2   | XOM: mild Hex miscast
 19602 | Lair:2   | Slain by a spiny frog

Vault maps used:
D:1:      dpeg_arrival_windows_large_door
D:2:      first_ration
D:4:      kennysheep_cluttered_room
D:5:      kennysheep_doodads, uniq_pikel
D:6:      minmay_cornered_nines, nicolae_temple_entry_ecumenical, serial_shops,
          nicolae_shop_trees, serial_bayou_lake_a
D:7:      old_standard_altar, serial_shops, nicolae_shop_statue_plus,
          basic_altar
D:9:      david_nohive_1
D:11:     lemuel_bear_cage, lair_entry_dummy, orc_0_dummy, serial_shops,
          nicolae_shop_behind_doors, grunt_gozag_breadcrumbs
Lair:1:   uniq_gastronok
Lair:2:   shoals_dummy_entry, nicolae_spider_entry_tight_spaces, uniq_harold
Lair:3:   beast_lair_carwin_large_3, infiniplex_staircase_pool_2,
          serial_bayou_shore_a, lemuel_fruit_fields, lemuel_fruit_fields

Skill      XL: |  1  2  3  4  5  6  7  8  9 10 11 |
---------------+----------------------------------+-----
Stealth        | 1 2 3 4 5 7 9 10 12 | 12.2
Dodging        | 4 5 6 7 9 10 11 | 11.7
Unarmed Combat | 4 5 6 8 9 10 12 | 12.6
Fighting       | 4 5 6 7 9 |  9.4
Necromancy     | 3 |  3.0
Spellcasting   | 2 3 |  3.0
Hexes          | 5 |  5.6

Action                   |  1- 3 |  4- 6 |  7- 9 | 10-12 || total
-------------------------+-------+-------+-------+-------++-------
Melee: Unarmed           |   135 |   191 |   228 |   549 ||  1103
       Bite              |     7 |    20 |    23 |    35 ||    85
       Punch             |     2 |     2 |     3 |    35 ||    42
 Cast: Animate Skeleton  |       |       |       |    29 ||    29
       Confusing Touch   |       |       |       |    16 ||    16
       Confuse           |       |       |       |     9 ||     9
Evoke: Wand              |       |       |     8 |    19 ||    27
  Use: Potion            |       |       |     9 |    13 ||    22
       Scroll            |       |       |     7 |    12 ||    19
 Stab: Sleeping          |     4 |     8 |    13 |    25 ||    50
       Distracted        |       |     1 |       |     1 ||     2
       Paralysed         |       |       |       |     2 ||     2
       Confused          |       |       |       |     5 ||     5
  Eat: Chunk             |    10 |     7 |     9 |    22 ||    48
Armor: Skin              |     6 |    13 |    20 |    90 ||   129
Dodge: Dodged            |    98 |   121 |   192 |   507 ||   918

Table legend:
 A = Spawn XP
 B = Non-spawn XP
 C = Spawn XP percentage of total XP
 D = Spawn monster count
 E = Non-spawn monster count
 F = Spawn count percentage of total count
 G = Total turns spent on level
                    A         B        C        D         E        F      G
               +---------+---------+-------+---------+---------+-------+---------
         Total |       0 |   27919 |   0.0 |       0 |     259 |   0.0 | 19602
               +---------+---------+-------+---------+---------+-------+---------
           D:1 |       0 |      43 |   0.0 |       0 |      22 |   0.0 |  1247
           D:2 |       0 |      77 |   0.0 |       0 |      19 |   0.0 |  1793
           D:3 |       0 |      35 |   0.0 |       0 |      20 |   0.0 |  1037
           D:4 |       0 |     179 |   0.0 |       0 |       9 |   0.0 |   727
           D:5 |       0 |    1073 |   0.0 |       0 |      16 |   0.0 |  1828
           D:6 |       0 |    1818 |   0.0 |       0 |      16 |   0.0 |  1529
           D:7 |       0 |     698 |   0.0 |       0 |      11 |   0.0 |  1535
           D:8 |       0 |     350 |   0.0 |       0 |       6 |   0.0 |   364
           D:9 |       0 |    4313 |   0.0 |       0 |      44 |   0.0 |  2310
          D:10 |       0 |    1994 |   0.0 |       0 |      16 |   0.0 |  1014
          D:11 |       0 |    3543 |   0.0 |       0 |      30 |   0.0 |  1683
        Lair:1 |       0 |    5445 |   0.0 |       0 |      17 |   0.0 |  1978
        Lair:2 |       0 |    7899 |   0.0 |       0 |      30 |   0.0 |  2364
        Lair:3 |       0 |     452 |   0.0 |       0 |       3 |   0.0 |   193
               +---------+---------+-------+---------+---------+-------+---------

Vault maps used:
D:1:      dpeg_arrival_windows_large_door
D:2:      first_ration
D:4:      kennysheep_cluttered_room
D:5:      kennysheep_doodads, uniq_pikel
D:6:      minmay_cornered_nines, nicolae_temple_entry_ecumenical, serial_shops,
          nicolae_shop_trees, serial_bayou_lake_a
D:7:      old_standard_altar, serial_shops, nicolae_shop_statue_plus,
          basic_altar
D:9:      david_nohive_1
D:11:     lemuel_bear_cage, lair_entry_dummy, orc_0_dummy, serial_shops,
          nicolae_shop_behind_doors, grunt_gozag_breadcrumbs
Lair:1:   uniq_gastronok
Lair:2:   shoals_dummy_entry, nicolae_spider_entry_tight_spaces, uniq_harold
Lair:3:   beast_lair_carwin_large_3, infiniplex_staircase_pool_2,
          serial_bayou_shore_a, lemuel_fruit_fields, lemuel_fruit_fields
